AoeStats
← [NICE_ASS] BigMasi

Socotra

505514783Analyzed
4v4 RM · 22d ago on Sep 9, 2026· 27m 10s· 8 players
Game mode
Random Map
Map size
148×148
Population
200
Speed
Normal
Resources
Standard
Victory
Conquest
Starting age
Dark Age
Ending age
Imperial Age
RankedLock teamsTeams togetherTeam positionsShared explorationLock speedFull tech treeHidden civsTurbo modeCheats
Victory
Defeat
🇫🇷 Muisca · France
1379
+9
🇨🇭 Georgians · Switzerland
1282
+12
🇹🇼 Ethiopians · Taiwan
1265
+13
🇫🇷 Khitans · France
1249
+13
🇪🇨 Koreans · Ecuador
1211
-12
🇸🇪 Japanese · Sweden
1211
-12
🇹🇭 Berbers · Thailand
1209
-12
🇵🇰 Italians · Pakistan
1187
-11
Leobossy
7:00 Loom
9:30 Feudal Age
16:29 Double-Bit Axe
21:38 Castle Age
20:09 Horse Collar
23:37 Fletching
24:49 Bodkin Arrow
LilleSkutt
7:05 Loom
10:20 Feudal Age
10:33 Man-at-Arms
11:24 Double-Bit Axe
11:50 Horse Collar
23:07 Castle Age
22:24 Forging
22:19 Scale Mail Armor
23:22 Forging
24:21 Elite Skirmisher
24:46 Pikeman
Stinkin Hippy
7:43 Loom
12:02 Feudal Age
12:32 Double-Bit Axe
22:50 Horse Collar
sehal
10:37 Feudal Age
16:19 Castle Age
14:26 Loom
15:20 Double-Bit Axe
15:18 Horse Collar
17:09 Gold Mining
18:51 Scale Barding Armor
26:08 Forging
Sahraoui
4:42 Loom
10:30 Feudal Age
12:29 Double-Bit Axe
14:52 Forging
17:06 Scale Barding Armor
18:58 Gold Mining
19:45 Wheelbarrow
19:12 Domestication
20:25 Wheelbarrow
22:36 Castle Age
23:28 Light Cavalry
25:23 Iron Casting
25:35 Chain Barding Armor
Aiden
2:34 Loom
9:41 Feudal Age
10:25 Double-Bit Axe
11:51 Gold Mining
14:32 Fletching
18:48 Wheelbarrow
22:27 Castle Age
20:35 Horse Collar
21:48 Stone Mining
22:26 Padded Archer Armor
22:33 Crossbowman
23:10 Bodkin Arrow
23:32 Leather Archer Armor
26:02 Ballistics
[NICE_ASS] BigMasi
7:08 Loom
9:54 Feudal Age
10:59 Double-Bit Axe
16:31 Horse Collar
18:14 Bloodlines
21:28 Castle Age
20:08 Gold Mining
21:34 Wheelbarrow
21:57 Scale Barding Armor
23:30 Chain Barding Armor
24:16 Town Watch
26:06 Forging
xu3u6vm0888
0:40 Loom
0:44 Loom
9:59 Feudal Age
12:45 Fletching
22:22 Castle Age
22:08 Padded Archer Armor
22:50 Crossbowman
Connection lost

Rejoining the realm…

Still unreachable

The connection could not be restored.

Session expired

The server has moved on; the page needs a fresh start.